 Dungeon Crawl Stone Soup version 0.28-a0-474-g535839065c (webtiles) character file.

Game seed: 12421871986593063318

2204 Zymael the Fighter (level 9, -3/81 HPs)
             Began as a Minotaur Fighter on Sept 15, 2021.
             Was a Follower of Ru.
             Slain by a scorpion (4 damage)
             ... on level 5 of the Dungeon.
             The game lasted 00:17:20 (8266 turns).

Zymael the Fighter (Minotaur Fighter)               Turns: 8266, Time: 00:17:21

Health: -3/81      AC: 13    Str: 22    XL:     9   Next: 12%
Magic:  8/8        EV:  8    Int:  5    God:    Ru [*.....]
Gold:   489        SH: 11    Dex: 12    Spells: 8/8 levels left

rFire   + . .      SeeInvis .   a - +0 war axe
rCold   + + .      Faith    .   c - +0 buckler
rNeg    . . .      Spirit   .   n - +0 chain mail
rPois   +          Reflect  +   (helmet restricted)
rElec   .          Harm     .   j - scarf {rC+ rF+}
rCorr   .          Rampage  .   e - +1 pair of gloves
Will    .....                   (no boots)
Stlth   ..........              o - amulet of reflection
HPRegen 0.23/turn               i - ring of poison resistance
MPRegen 0.11/turn               d - ring of protection from cold

@: no status effects
A: horns 2, no air magic, no conjurations magic, no transmutations magic,
retaliatory headbutt
a: Renounce Religion


You were on level 5 of the Dungeon.
You worshipped Ru.
Ru was aware of your devotion.
You visited 1 branch of the dungeon, and saw 7 of its levels.

You collected 489 gold pieces.

Inventory:

Hand Weapons
 a - a +0 war axe (weapon)
Armour
 c - a +0 buckler (worn)
 e - a +1 pair of gloves (worn)
 g - a +0 cloak
 j - a scarf of resistance (worn)
 n - a +0 chain mail (worn)
Jewellery
 d - a ring of protection from cold (right hand)
 i - a ring of poison resistance (left hand)
 k - a ring of ice
 o - an amulet of reflection (around neck)
 r - a +6 ring of strength
 t - an amulet of guardian spirit
Wands
 s - a wand of iceblast (11)
Scrolls
 l - a scroll of enchant armour
 q - a scroll of silence {unknown}
Potions
 b - 3 potions of lignification
 f - 4 potions of mutation


   Skills:
 + Level 8.2 Fighting
 + Level 7.5 Axes
 + Level 8.1 Armour
 + Level 8.1 Shields


You had 8 spell levels left.
You didn't know any spells.
Your spell library contained the following spells:

 Spells                   Type           Power      Damage    Failure   Level
 Ensorcelled Hibernation  Hex/Ice        0%         N/A       99%         2
 Tukima's Dance           Hex            0%         N/A       100%        3
 Ignition                 Fire           0%         3d3       100%        8
 Corpse Rot               Necr/Air       Unusable   N/A       N/A         2
 Poisonous Vapours        Pois/Air       Unusable   N/A       N/A         2
 Spider Form              Tmut/Pois      Unusable   N/A       N/A         3
 Fireball                 Conj/Fire      Unusable   3d3       N/A         5
 Starburst                Conj/Fire      Unusable   6d3       N/A         6

Dungeon Overview and Level Annotations

Branches:
Dungeon (7/15)             Temple (0/1) D:6

Altars:
Elyvilon
Hepliaklqana
Ru
Xom
The Shining One

Shops:
D:1 [   D:2 =

Annotations:
D:6 2 transporters


Innate Abilities, Weirdness & Mutations

You have a pair of horns on your head.
You cannot study or cast Air magic.
You cannot study or cast Conjurations magic.
You cannot study or cast Transmutations magic.
You reflexively headbutt those who attack you in melee.


Message History

You start resting.
You start resting.
HP restored.
You start waiting.
Done waiting.
There is a stone staircase leading down here.
You climb downwards.
Level annotation: 2 transporters The two-headed ogre closely misses you.
The two-headed ogre hits you with a +0 giant spiked club!
The two-headed ogre barely misses you. You furiously retaliate!
You headbutt the two-headed ogre.
The two-headed ogre hits you with a +0 giant spiked club!!
There is a stone staircase leading up, spattered with blood here.
You climb upwards.
There is a stone staircase leading down here.
You block the two-headed ogre's attack. The two-headed ogre closely misses you.
A scorpion comes into view.
Found 2 scrolls of identify.
You barely miss the scorpion. You hit the two-headed ogre.
The two-headed ogre hits you with a +0 dire flail.
The two-headed ogre hits you with a +0 giant spiked club!
The scorpion stings you but does no damage.
You hit the scorpion but do no damage. You headbutt the scorpion.
The scorpion is lightly wounded.
You hit the two-headed ogre. You block the scorpion's attack.
You block the two-headed ogre's attack.
The two-headed ogre hits you with a +0 giant spiked club!
* * * LOW HITPOINT WARNING * * *
The scorpion barely misses you.
As you read the scroll labelled CYHEMEEGIL, it crumbles to dust.
You speak a Word of immense power!
It was a scroll of holy word.
The two-headed ogre hits you but does no damage.
The two-headed ogre hits you with a +0 giant spiked club!!
* * * LOW HITPOINT WARNING * * *
The scorpion stings you but does no damage.
As you read the scroll labelled ICITEW WIGUPU, it crumbles to dust.
You feel aware of your surroundings.
You sensed 1 altar.
It was a scroll of magic mapping.
The scorpion stings you.
You die...

##### *** #...#
,,* #.#O#
,,**##########.#@#
,,+,..........>#s#
,,**##.#########.#
,,* *,* #.# ***
*,* #.# *,* #.#
******,********#.#
,,,,,,,,,,,,,,,.?#
*,,,,,,,,*********


You could see a two-headed ogre and a scorpion.

Vanquished Creatures
  Menkaure (D:4)
  2 water moccasins
  A black bear (D:7)
  A sky beast (D:6)
  2 ogres (D:6)
  A centaur (D:7)
  A bullfrog (D:6)
  2 scorpions
  2 water moccasin zombies
  4 killer bees (D:7)
  4 wights
  A centaur zombie (D:7)
  2 jellies (D:6)
  7 orc priests
  A centaur skeleton (D:4)
  2 iguanas
  6 orc wizards
  A killer bee zombie (D:7)
  2 hound skeletons (D:4)
  8 adders
  4 gnolls (D:6)
  3 white imps (D:6)
  An ufetubus (D:6)
  2 adder skeletons
  2 worms
  4 dart slugs
  17 orcs
  5 ball pythons
  4 bats
  8 endoplasms
  3 giant cockroaches
  12 goblins
  5 hobgoblins
  2 quokkas
  A ball python skeleton (D:2)
  A ball python zombie (D:2)
  2 frilled lizards
  5 kobolds
  5 rats
137 creatures vanquished.

Vanquished Creatures (others)
  A goblin (D:6)
1 creature vanquished.

Grand Total: 138 creatures vanquished

Notes
Turn   | Place    | Note
-------+----------+-------------------------------------------
     0 | D:1      | Zymael the Minotaur Fighter began the quest for the Orb.
     0 | D:1      | Reached XP level 1. HP: 19/19 MP: 0/0
    73 | D:1      | Found Icwu's Armour Boutique.
   599 | D:1      | Found a faded altar of an unknown god.
   656 | D:1      | Reached XP level 2. HP: 27/27 MP: 1/1
   966 | D:2      | Reached XP level 3. HP: 21/33 MP: 2/2
  1279 | D:2      | Reached XP level 4. HP: 41/41 MP: 3/3
  1636 | D:2      | Found Woalooci's Jewellery Shop.
  1910 | D:2      | You fall into a shaft and drop 2 floors!
  2041 | D:4      | Reached XP level 5. HP: 46/47 MP: 4/4
  2264 | D:3      | Found a white marble altar of Elyvilon.
  2612 | D:3      | Found a sacrificial altar of Ru.
  2624 | D:3      | Reached skill level 5 in Fighting
  2624 | D:3      | Reached skill level 5 in Armour
  2624 | D:3      | Reached skill level 5 in Shields
  2895 | D:3      | Became a worshipper of Ru the Awakened
  2959 | D:3      | Reached XP level 6. HP: 35/56 MP: 5/5
  3997 | D:4      | Noticed Menkaure
  4005 | D:4      | Killed Menkaure
  4006 | D:4      | Reached XP level 7. HP: 22/62 MP: 6/6
  4656 | D:4      | Reached skill level 5 in Axes
  4776 | D:5      | Entered Level 5 of the Dungeon
  4790 | D:5      | Noticed a troll
  5219 | D:5      | Gained mutation: You cannot study or cast Air magic. [Ru
                  | sacrifice]
  5219 | D:5      | Gained mutation: You cannot study or cast Transmutations
                  | magic. [Ru sacrifice]
  5219 | D:5      | Gained mutation: You cannot study or cast Conjurations
                  | magic. [Ru sacrifice]
  5219 | D:5      | Reached * piety under Ru
  5825 | D:6      | Found a staircase to the Ecumenical Temple.
  5862 | D:6      | Found a transporter.
  5862 | D:6      | Found a transporter.
  5864 | D:6      | Noticed an eight-headed hydra
  5877 | D:6      | Found a glowing golden altar of the Shining One.
  5877 | D:6      | Found a hazy altar of Hepliaklqana.
  5877 | D:6      | Found a shimmering altar of Xom.
  5911 | D:6      | Reached XP level 8. HP: 53/71 MP: 7/7
  7583 | D:7      | Reached XP level 9. HP: 81/81 MP: 8/8
  7601 | D:7      | Noticed a two-headed ogre
  7762 | D:6      | HP: 2/81 [two-headed ogre (5)]
  7806 | D:5      | HP: 4/81 [poisoned by a scorpion]
  8265 | D:5      | HP: 1/81 [two-headed ogre (18)]
  8266 | D:5      | Slain by a scorpion

Illustrated notes

Levels and vault maps discovered:
D:1:      lightli_arrival_flooded_house, layout_loops_ring, serial_shops,
          nicolae_square_shop, dilly_ecumenical_altar_fadedgnrine,
          lemuel_old_faithful
D:2:      layout_basic, serial_undead, serial_undead_d, serial_undead_c,
          serial_undead_b, serial_undead_b, serial_shops, shop,
          grunt_ministairs_2
D:3:      layout_loops_ring, elyvilon_altar_1,
          nicolae_ru_great_annihilating_truth
D:4:      minmay_razor_zed, layout_basic, minmay_misc_feat_cross, uniq_menkaure
D:5:      layout_basic, mainiacjoe_overflow_alcove_2, minmay_holes
D:6:      layout_loops_corners, gammafunk_temple_overflow_arena,
          minmay_temple_entry_large_hall, minmay_ogre_servants
D:7:      minmay_polygon_palace, layout_basic,
          mainiacjoe_overflow_six_doors_small, dk_rats_in_the_wall

Skill      XL: |  1  2  3  4  5  6  7  8  9 |
---------------+----------------------------+-----
Fighting       | 4 5 6 8 |  8.2
Shields        | 4 5 6 8 |  8.1
Armour         | 4 5 6 7 8 |  8.1
Axes           | 3 4 5 7 |  7.5

Action                   |  1- 3 |  4- 6 |  7- 9 || total
-------------------------+-------+-------+-------++-------
Melee: War axe           |    76 |   150 |   221 ||   447
       Headbutt          |     8 |    17 |    38 ||    63
Invok: Sacrifice Arcana  |       |       |     1 ||     1
  Use: Scroll            |       |     4 |     3 ||     7
       Potion            |       |     1 |     3 ||     4
 Stab: Paralysed         |       |     1 |       ||     1
Armor: Scale mail        |    39 |    11 |       ||    50
       Chain mail        |       |    90 |   112 ||   202
Dodge: Dodged            |    32 |    55 |    92 ||   179
Block: Buckler           |    14 |    38 |   130 ||   182
       Reflection        |       |       |     3 ||     3

Table legend: (Time is in decaauts)
 A = Elapsed time spent in this place.
 B = Non-inter-level travel time spent in this place.
 C = Inter-level travel time spent in this place.
 D = Time resting spent in this place.
 E = Time spent auto-exploring this place.
 F = Levels seen in this place.
 G = Mean time per level.
                   A        B        C        D        E       F      G
               +--------+--------+--------+--------+--------+-----+--------+
         Total |   8396 |   8157 |    239 |   2361 |   4092 |   7 | 1199.4 |
       Dungeon |   8396 |   8157 |    239 |   2361 |   4092 |   7 | 1199.4 |
               +--------+--------+--------+--------+--------+-----+--------+

Top non-repeatable levels by time:
     D:6: 1987 daAuts
     D:4: 1603 daAuts
     D:3: 1488 daAuts
     D:2: 1251 daAuts
     D:1: 905 daAuts
     D:7: 593 daAuts
     D:5: 566 daAuts
